 Dungeon Crawl Stone Soup version 0.28-a0-224-g76b539d98b (webtiles) character file.

Game seed: 17384668794498765952

112 timneilson the Shield-Bearer (level 4, -1/29 HPs)
             Began as a Gargoyle Fighter on Aug 21, 2021.
             Killed by divine providence
             ... invoked by an orc priest
              (14 damage)
             ... on level 3 of the Dungeon.
             The game lasted 00:02:56 (2894 turns).

timneilson the Shield-Bearer (Gargoyle Fighter)     Turns: 2894, Time: 00:02:56

Health: -1/29      AC: 10    Str: 20    XL:     4   Next: 95%
Magic:  4/4        EV:  7    Int:  9    God:
Gold:   116        SH:  8    Dex:  9    Spells: 3/3 levels left

rFire   . . .      SeeInvis .   a - +0 long sword
rCold   . . .      Faith    .   c - +0 kite shield
rNeg    + . .      Spirit   .   b - +0 scale mail
rPois   ∞          Reflect  .   (no helmet)
rElec   +          Harm     .   (no cloak)
rCorr   .          Rampage  .   (no gloves)
Will    .....                   (no boots)
Stlth   ..........              (no amulet)
HPRegen 0.09/turn               (no ring)
MPRegen 0.09/turn               (no ring)

@: mighty, hasted, very quick
A: sickness immunity, AC +3, negative energy resistance 1, electricity
resistance, torment resistance 1, petrification resistance
a: no special abilities


You were on level 3 of the Dungeon.
You visited 1 branch of the dungeon, and saw 3 of its levels.

You collected 116 gold pieces.

Inventory:

Hand Weapons
 a - a +0 long sword (weapon)
Missiles
 i - 2 throwing nets (quivered)
Armour
 b - a +0 scale mail (worn)
 c - a +0 kite shield (worn)
Wands
 e - a wand of flame (26)
Scrolls
 f - a scroll of amnesia
Potions
 d - 2 potions of might
 g - a potion of flight
 h - a potion of brilliance
 j - a potion of magic {unknown}
 k - a potion of haste
 l - a potion of heal wounds {unknown}


   Skills:
 + Level 3.7 Fighting
 * Level 2.8 Long Blades
 * Level 4.2 Armour
 * Level 4.2 Shields


You had 3 spell levels left.
You didn't know any spells.
Your spell library contained the following spells:

 Spells                   Type           Power      Damage    Failure   Level
 Slow                     Hex            0%         N/A       100%        2
 Confusing Touch          Hex            0%         N/A       100%        3
 Vampiric Draining        Necr           0%         2d6       100%        3


Dungeon Overview and Level Annotations

Branches:
Dungeon (3/15)

Altars:
Gozag
Uskayaw

Shops:
D:2 *


Innate Abilities, Weirdness & Mutations

You are immune to sickness and miasma.
Your stone body is resilient. (AC +3)
You are immune to poison.
You resist negative energy. (rN+)
You are resistant to electric shocks. (rElec)
You are resistant to unholy torment.
You are immune to petrification.


Message History

You closely miss the orc.
The orc is severely wounded.
You closely miss the orc.
The orc is severely wounded.
The orc wizard gestures wildly while chanting.
The orc wizard flickers and vanishes!
Deactivating autopickup; reactivate with Ctrl-A.
You block the orc's attack.
You slash the orc!
You kill the orc!
The orc hits you with a +0 mace.
You hit the orc but do no damage. The orc hits you with a +0 mace.
The orc priest looks encouraged for a moment.
You completely miss the orc. You block the orc's attack.
The orc barely misses you.
You riposte.
You closely miss the orc. You slash the orc!
You kill the orc!
You closely miss the orc. You block the orc's attack.
The orc hits you but does no damage.
You hit the orc.
The orc is heavily wounded.
You block the orc's attack.
You slash the orc!
You kill the orc!
You slash the kobold!
You kill the kobold!
You hit something.
You hear some strange, mumbled words.
Something tries to affect you, but you resist.
You miss something. You block something's attack. x2
The orc priest mumbles some strange prayers to Beogh against you.
Beogh smites you!
You miss something. You block something's attack.
You slash something!
Something hits you but does no damage. x2
The orc priest miscasts a cantrip.
You miss something. Something hits you but does no damage.
It was a potion of haste.
You feel yourself speed up.
The orc priest mumbles some strange prayers to Beogh against you.
Beogh smites you!
You die...

#.. #.# ... #.# #...
#.# #... #.# #...
#.#########
###.#.#####.........#
............<....##
##...........###.#
........####.# #@#
.#...##.# #.# #{#
.... #.# #.# #o# ...
#.# #.# #o# ## #.#
#.# #.. #.# #.. ...
#.# ### #.. # #.#
##.# . #.#


You could see an orc priest and an orc.

Vanquished Creatures
  A water moccasin skeleton (D:2)
  2 worms
  6 orcs (D:3)
  7 endoplasms
  3 giant cockroaches
  7 goblins
  4 hobgoblins
  2 jackals (D:1)
  2 kobolds
  5 ball pythons
  3 bats
  2 frilled lizards (D:2)
  4 rats
48 creatures vanquished.

Notes
Turn   | Place    | Note
-------+----------+-------------------------------------------
     0 | D:1      | timneilson the Gargoyle Fighter began the quest for the
                  | Orb.
     0 | D:1      | Reached XP level 1. HP: 14/14 MP: 1/1
   339 | D:1      | Reached XP level 2. HP: 19/19 MP: 2/2
  1166 | D:1      | Reached XP level 3. HP: 23/23 MP: 3/3
  1285 | D:1      | Found a faded altar of an unknown god.
  1912 | D:2      | Found Eveor's General Store.
  2051 | D:2      | Found an opulent altar of Gozag.
  2359 | D:2      | Reached XP level 4. HP: 25/29 MP: 4/4
  2819 | D:3      | Found a hide-covered altar of Uskayaw.
  2894 | D:3      | Killed from afar by an orc priest

Illustrated notes

Levels and vault maps discovered:
D:1:      dpeg_arrival_central, layout_basic, hellmonk_ecumenical_altar_zigzags,
          chequers_serial_rivers_micro_e, chequers_serial_rivers_micro_a
D:2:      layout_basic, serial_shops,
          nicolae_shop_temple_entry_statues_fountains, basic_altar
D:3:      layout_loops_ring, lemuel_round_altar, serial_shops, shop_scrolls,
          gammafunk_ghost_nasty_kobolds

Skill      XL: |  1  2  3 |
---------------+----------+-----
Long Blades    | 2 |  2.8
Armour         | 4 |  4.2
Shields        | 4 |  4.2
Fighting       | |  3.7

Action                   |  1- 3 |  4- 6 || total
-------------------------+-------+-------++-------
Melee: Long sword        |    90 |    64 ||   154
  Use: Scroll            |     4 |     1 ||     5
       Potion            |       |     2 ||     2
Armor: Scale mail        |    43 |    27 ||    70
Dodge: Dodged            |    43 |    16 ||    59
Block: Kite shield       |    45 |    40 ||    85
       Rpst.: Long sword |    12 |     6 ||    18

Table legend: (Time is in decaauts)
 A = Elapsed time spent in this place.
 B = Non-inter-level travel time spent in this place.
 C = Inter-level travel time spent in this place.
 D = Time resting spent in this place.
 E = Time spent auto-exploring this place.
 F = Levels seen in this place.
 G = Mean time per level.
                   A        B        C        D        E       F      G
               +--------+--------+--------+--------+--------+-----+--------+
         Total |   2973 |   2934 |     39 |      0 |   2516 |   3 |  991.0 |
       Dungeon |   2973 |   2934 |     39 |      0 |   2516 |   3 |  991.0 |
               +--------+--------+--------+--------+--------+-----+--------+

Top non-repeatable levels by time:
     D:1: 1856 daAuts
     D:2: 721 daAuts
     D:3: 395 daAuts
